[Event "ICC Open 2015"]
[Site "Internet Chess Club"]
[Date "2015.05.29"]
[Round "5"]
[White "kingest1912"]
[Black "QuintilianoR"]
[Result "1/2-1/2"]
[ICCResult "White ran out of time and Black has no material to mate"]
[WhiteElo "1886"]
[BlackElo "2318"]
[Opening "Sicilian: Canal-Sokolsky (Nimzovich-Rossolimo, Moscow) attack"]
[ECO "B51"]
[NIC "SI.01"]
[Time "14:48:58"]
[TimeControl "180+0"]

1. e4 c5 2. Nf3 d6 3. Bb5+ Nd7 4. d4 cxd4 5. Qxd4 a6 6. Bxd7+ Bxd7 7. O-O
Rc8 8. c4 Qc7 9. b3 b5 10. Na3 e5 11. Qd3 Qb7 12. Re1 Nf6 13. Bg5 Nh5 14.
Rac1 h6 15. Be3 b4 16. Nc2 Bc6 17. Nd2 Be7 18. f3 O-O 19. Nf1 Bh4 20. g3 Be7
21. g4 Nf6 22. Ng3 Bd7 23. Bf2 Rfd8 24. Ne3 Be6 25. Ngf5 Bf8 26. Kg2 g6 27.
Ng3 Be7 28. h4 Nd7 29. h5 Nc5 30. Qd2 Bg5 31. Qe2 a5 32. Rb1 Qe7 33. Nd5
Bxd5 34. exd5 Bf4 35. Be3 Qg5 36. Bxf4 Qxf4 37. Rh1 Kg7 38. hxg6 fxg6 39.
Ne4 Nxe4 40. fxe4 Rf8 41. Rbf1 Qg5 42. Rxf8 Rxf8 43. Rf1 h5 44. Rxf8 Kxf8
45. Kg3 Qf4+ 46. Kh3 Qg5 47. gxh5 gxh5 48. Qf3+ Kg7 49. Qg3 Kg6 50. Qxg5+
Kxg5 51. Kg3 h4+ 52. Kh3 Kf4 53. c5 Kxe4 54. c6 Kxd5 55. c7 Ke4 56. c8=Q Kd3
57. Qd7 e4 58. Qb5+ Kc2 59. Qxa5 Kb2 60. Qxb4 Kxa2 61. Qxe4 Kb2 62. Qd4+
Kxb3 63. Qxd6 Ka4 64. Qf4+ Kb3 65. Qxh4 Kc2 66. Qf4 Kb3 67. Qf3+ Kc4 68. Kg3
Kd4 69. Qf2+ Kc4 70. Qf3 Kb4 71. Kf4 Kc5 72. Qe3+ Kc4 73. Qe4+ Kb5 74. Qe3
Kc6 75. Kf3 Kd7 76. Ke2 Kd8 77. Qe4 Kc7 78. Ke3 Kb6 79. Qe5 Kb7 80. Kd4 Kc8
81. Qe6+ Kd8 82. Kd5 Kc7
{White ran out of time and Black has no material to mate}
1/2-1/2

[Event "ICC Open 2015"]
[Site "Internet Chess Club"]
[Date "2015.05.29"]
[Round "5"]
[White "BigSerge"]
[Black "Havank"]
[Result "0-1"]
[ICCResult "White forfeits on time"]
[WhiteElo "1980"]
[BlackElo "2054"]
[Opening "KGD: classical, 4.c3"]
[ECO "C30"]
[NIC "KG.05"]
[Time "14:50:21"]
[TimeControl "180+0"]

1. e4 e5 2. f4 Bc5 3. Nf3 d6 4. c3 Nc6 5. d4 exd4 6. cxd4 Bb6 7. Nc3 Bg4 8.
Bb5 Bxf3 9. gxf3 Qh4+ 10. Ke2 O-O-O 11. Be3 f5 12. Bxc6 bxc6 13. Qa4 Nf6 14.
Qxc6 fxe4 15. fxe4 Rde8 16. e5 dxe5 17. fxe5 Kb8 18. Rad1 Ng4 19. Qe4 Qh5
20. Kd2 Nxe3 21. Qxe3 Rd8 22. Ne2 Rhe8 23. Kc1 Qg6 24. Nf4 Qf7 25. e6 Qf5
26. Rhe1 Rd6 27. Qe4 Qxe4 28. Rxe4 g5 29. Nh5 Rdxe6 30. Rxe6 Rxe6
{White forfeits on time}
0-1

[Event "ICC Open 2015"]
[Site "Internet Chess Club"]
[Date "2015.05.29"]
[Round "5"]
[White "DerpFactery"]
[Black "Fivetrick"]
[Result "0-1"]
[ICCResult "White forfeits on time"]
[WhiteElo "1644"]
[BlackElo "2240"]
[Opening "French: advance, Euwe variation"]
[ECO "B40"]
[NIC "SI.43"]
[Time "14:48:40"]
[TimeControl "180+0"]

1. e4 c5 2. Nf3 e6 3. c3 d5 4. e5 Nc6 5. d4 Bd7 6. Be2 Qb6 7. O-O Rc8 8. a3
Nh6 9. Bxh6 gxh6 10. b4 cxd4 11. cxd4 a6 12. Ra2 Na7 13. Nbd2 Bb5 14. Bxb5+
Nxb5 15. Rc2 Rxc2 16. Qxc2 Nxa3 17. Qc8+ Ke7 18. Rc1 Nb5 19. Nf1 Bg7 20. Qc2
Na7 21. Ng3 Nc6 22. b5 Qxb5 23. Rb1 Qxb1+ 24. Qxb1 b5 25. Nh5 Bf8 26. Qc1
Kd7 27. Qa1 a5 28. Nf6+ Kc7 29. Qb2 Kb6 30. Nd7+ Ka6 31. Nc5+ Bxc5 32. dxc5
Rb8 33. Qd2 b4 34. Qd3+ Ka7 35. Qxh7 b3 36. Qxf7+ Rb7 37. Qxe6 Nd4 38. Nxd4
b2 39. Nc6+ Ka6 40. Nb4+ Ka7 41. Nc6+ Ka6 42. Nd4+ Ka7 {White forfeits on
time} 0-1

[Event "ICC Open 2015"]
[Site "Internet Chess Club"]
[Date "2015.05.29"]
[Round "5"]
[White "Meditator"]
[Black "HuevosDeLeon"]
[Result "0-1"]
[ICCResult "White forfeits on time"]
[WhiteElo "2276"]
[BlackElo "2681"]
[Opening "Dutch: Leningrad, main variation with Nc6"]
[ECO "A89"]
[NIC "OI.07"]
[Time "14:49:08"]
[TimeControl "180+0"]

1. d4 d6 2. c4 f5 3. Nc3 Nf6 4. g3 g6 5. Bg2 Bg7 6. Nf3 O-O 7. O-O Nc6 8. d5
Na5 9. Nd2 c5 10. Qc2 e5 11. dxe6 Bxe6 12. b3 Nc6 13. e3 Qe7 14. Bb2 Rad8
15. a3 d5 16. cxd5 Nxd5 17. Nxd5 Bxd5 18. Bxg7 Kxg7 19. Rac1 Bxg2 20. Kxg2
b6 21. Nf3 a5 22. Qc3+ Qf6 23. Qc4 Rd6 24. h4 h6 25. Rcd1 Rfd8 26. Rxd6 Rxd6
27. Qf4 Ne7 28. h5 g5 29. Qe5 Nc6 30. Qxf6+ Kxf6 31. Re1 Rd3 32. Rb1 g4 33.
Ne1 Rc3 34. Kf1 b5 35. Ke2 b4 36. axb4 axb4 37. Nd3 Ne5 38. Nf4 Rc2+ 39. Kf1
Nf3 40. Ra1 Nd2+ 41. Kg2 Ne4 42. Ra6+ Kg7 43. Rg6+ Kh7 44. Nd3 Ng5 45. Rc6
Rc3 46. Rc7+ Kg8 47. Nxc5 Nf3 48. Rc8+ Kf7 49. Rc7+ Ke8 50. Ne6 Ne1+ 51. Kf1
Nd3 52. Rxc3 bxc3 53. Nd4 Nc1 54. Ke1 Nxb3 55. Nxb3 Ke7 56. Kd1 f4 57. Kc2
f3 58. Kxc3 Kf6 59. Kd3 Kf5 60. Nd4+ Ke5 61. e4 Kd6 62. Nc6 Kxc6 63. Ke3 Kd6
{White forfeits on time}
0-1

[Event "ICC Open 2015"]
[Site "Internet Chess Club"]
[Date "2015.05.29"]
[Round "5"]
[White "NFork"]
[Black "nikenwidiartto"]
[Result "1-0"]
[ICCResult "Black forfeits on time"]
[WhiteElo "2166"]
[BlackElo "1783"]
[Opening "QGD Slav: 4.e3"]
[ECO "D11"]
[NIC "SL.01"]
[Time "14:49:22"]
[TimeControl "180+0"]

1. d4 d5 2. c4 c6 3. Nf3 Nf6 4. e3 e6 5. Bd3 Nbd7 6. b3 Bd6 7. O-O O-O 8.
Bb2 b6 9. Nbd2 Bb7 10. e4 dxe4 11. Nxe4 Nxe4 12. Bxe4 Nf6 13. Bc2 c5 14. Qe2
Qe7 15. Rfe1 Rfe8 16. dxc5 Bxc5 17. a3 a5 18. Nd4 Rad8 19. Nb5 Bc6 20. h3
Rd7 21. a4 Red8 22. Rad1 Rxd1 23. Rxd1 Rxd1+ 24. Qxd1 Ne4 25. Bd4 Qd7 26.
Bxc5 Qxd1+ 27. Bxd1 Nxc5 28. Nd4 Bd7 29. Bc2 e5 30. Ne2 Kf8 31. Nc3 Bc6 32.
f3 Ke7 33. h4 Ne6 34. Be4 Bxe4 35. fxe4 Nd4 36. Nd5+ Kd6 37. Nxb6 Nxb3 38.
Nd5 Nc5 39. Nc3 h5 40. Kf1 Nd3 41. Ke2 Nf4+ 42. Kf3 Kc5 43. Nd5 Kxc4 44.
Nxf4 exf4 45. Kxf4 Kb4 46. Ke5 Kxa4 47. Kd6 Kb3 48. Ke7 a4 49. Kxf7 a3 50.
e5 a2 51. e6 a1=Q 52. e7 Qf1+ 53. Ke6 Qe2+ 54. Kd7 Qd3+ 55. Kc7 Qc4+ 56. Kd7
Qd5+ 57. Kc7 Qe5+ 58. Kd7 Qd5+ 59. Kc7 Qc5+ 60. Kd7 Qd4+ 61. Kc7 Qxh4 62.
Kd7 {Black forfeits on time} 1-0

[Event "ICC Open 2015"]
[Site "Internet Chess Club"]
[Date "2015.05.29"]
[Round "5"]
[White "Babaliyev"]
[Black "Kakarotto"]
[Result "1-0"]
[ICCResult "Black forfeits on time"]
[WhiteElo "1960"]
[BlackElo "2536"]
[Opening "King's Indian, 3.Nf3"]
[ECO "E61"]
[NIC "QP.06"]
[Time "14:48:29"]
[TimeControl "180+0"]

1. d4 Nf6 2. Nf3 g6 3. c4 Bg7 4. Nc3 O-O 5. Bg5 d6 6. e3 c6 7. Qc2 Nbd7 8.
Be2 a5 9. O-O Re8 10. Rac1 Qc7 11. Rfd1 e5 12. c5 d5 13. dxe5
{Black forfeits on time}
1-0

[Event "ICC Open 2015"]
[Site "Internet Chess Club"]
[Date "2015.05.29"]
[Round "5"]
[White "ghorok"]
[Black "Birdy69"]
[Result "0-1"]
[ICCResult "White checkmated"]
[WhiteElo "1532"]
[BlackElo "1741"]
[Opening "English: symmetrical, Benoni formation"]
[ECO "A31"]
[NIC "EO.46"]
[Time "14:50:41"]
[TimeControl "180+0"]

1. d4 Nf6 2. c4 c5 3. Nf3 cxd4 4. Nxd4 e5 5. Nb3 d5 6. cxd5 Qxd5 7. Qxd5
Nxd5 8. e4 Nb4 9. Na3 Be6 10. Bb5+ N8c6 11. Na5 O-O-O 12. Nxc6 bxc6 13. Bc4
Bxc4 14. Nxc4 Nc2+ 15. Ke2 Nxa1 16. Bg5 f6 17. Nxe5 Re8 18. Nf7 Rg8 19. Bf4
Nc2 20. Rc1 Nd4+ 21. Kd3 c5 22. Bd6 Ne6 23. Bxf8 Rexf8 24. Nd6+ Kb8 25. Nf5
Rd8+ 26. Ke3 g5 27. Rc3 Rc8 28. Rb3+ Kc7 29. Rc3 Rge8 30. b4 Kb6 31. bxc5+
Rxc5 32. Rb3+ Kc7 33. Ra3 a5 34. Rb3 Rb8 35. Rd3 Nf4 36. Rd1 Nxg2+ 37. Kf3
Nh4+ 38. Nxh4 gxh4 39. Kg4 Rb4 40. f3 f5+ 41. Kxh4 fxe4 42. fxe4 Rxe4+ 43.
Kg3 Rc3+ 44. Kf2 Rh4 45. Rg1 Rc2+ 46. Ke1 Rhxh2 47. Rf1 Rxa2 48. Rf7+ Kd6
49. Rf6+ Ke5 50. Rf2 Raxf2 51. Kd1 Ra2 52. Kc1 Ra1# {White checkmated} 0-1

[Event "ICC Open 2015"]
[Site "Internet Chess Club"]
[Date "2015.05.29"]
[Round "5"]
[White "HSK"]
[Black "ErnestoRondon"]
[Result "1-0"]
[ICCResult "Black resigns"]
[WhiteElo "2247"]
[BlackElo "1849"]
[Opening "Sicilian: O'Kelly variation"]
[ECO "B28"]
[NIC "SI.43"]
[Time "14:52:45"]
[TimeControl "180+0"]

1. e4 c5 2. Nf3 a6 3. c3 e6 4. d4 cxd4 5. cxd4 d5 6. e5 f5 7. Nc3 Ne7 8. Bd3
Ng6 9. O-O Be7 10. a3 O-O 11. b4 b5 12. Be3 Nd7 13. Qb3 Bb7 14. Rfc1 Nb6 15.
a4 Nc4 16. axb5 axb5 17. Nxb5 Rxa1 18. Rxa1 Nxe3 19. fxe3 Qb6 20. Rb1 Ba6
21. Na3 Bxd3 22. Qxd3 Rb8 23. Nc2 f4 24. b5 fxe3 25. Qxe3 Rc8 26. Qd2 h6 27.
Kh1 Nh4 28. Nxh4 Bxh4 29. Qd3 Rc4 30. g3 Bg5 31. Rb4 Rc8 32. Ne3 Bxe3 33.
Qxe3 Rc4 34. Qd2 Rc8 35. Kg2 Ra8 36. Kh3 Ra5 37. Qb2 Ra8 38. Qc3 Ra7 39. Qc5
Qa5 40. b6 Rb7 41. Qxa5 {Black resigns} 1-0

[Event "ICC Open 2015"]
[Site "Internet Chess Club"]
[Date "2015.05.29"]
[Round "5"]
[White "anu1217"]
[Black "carlito78"]
[Result "1-0"]
[ICCResult "Black checkmated"]
[WhiteElo "1878"]
[BlackElo "1554"]
[Opening "Sicilian: closed"]
[ECO "B23"]
[NIC "SI.44"]
[Time "14:52:32"]
[TimeControl "180+0"]

1. e4 c5 2. Nc3 d6 3. f4 Nc6 4. Nf3 g6 5. Bb5 Bg7 6. Bxc6+ bxc6 7. d3 Nf6 8.
O-O O-O 9. Qe1 Bb7 10. f5 d5 11. e5 Ng4 12. h3 Nh6 13. fxg6 fxg6 14. e6 c4
15. dxc4 dxc4 16. Ng5 c5 17. Nf7 Nxf7 18. exf7+ Rxf7 19. Qe6 Qf8 20. Qxc4
Bd4+ 21. Kh1 Kh8 22. Qxf7 Qxf7 23. Rxf7 Kg8 24. Rf1 Rf8 25. Rxf8+ Kxf8 26.
Bh6+ Kf7 27. Rf1+ Ke6 28. Re1+ Kd6 29. Ne4+ Bxe4 30. Rxe4 Kd5 31. Rxe7 a5
32. c3 Bf6 33. Rxh7 Kc4 34. Bg7 Bg5 35. Bf8 a4 36. Rc7 a3 37. b3+ Kxc3 38.
Rxc5+ Kb2 39. Rxg5 Kxa2 40. Ra5 Kxb3 41. Rxa3+ Kb2 42. Ra6 Kc2 43. Rxg6 Kd2
44. h4 Kd3 45. h5 Ke4 46. h6 Kf5 47. h7 Kxg6 48. h8=Q Kf7 49. Qg7+ Ke6 50.
Qe7+ Kd5 51. Qf6 Ke4 52. Bd6 Kd5 53. Qe5+ Kc4 54. Bc5 Kd3 55. Qd4+ Kc2 56.
Bb4 Kb3 57. Qc3+ Ka4 58. Bc5 Kb5 59. Bd4 Ka6 60. Qb3 Ka5 61. Bc5 Ka6 62.
Qb6# {Black checkmated} 1-0

[Event "ICC Open 2015"]
[Site "Internet Chess Club"]
[Date "2015.05.29"]
[Round "5"]
[White "motipen"]
[Black "A4-H5"]
[Result "1-0"]
[ICCResult "Black checkmated"]
[WhiteElo "1930"]
[BlackElo "1798"]
[Opening "Old Benoni defense"]
[ECO "A43"]
[NIC "OI.09"]
[Time "14:53:34"]
[TimeControl "180+0"]

1. d4 c5 2. d5 b5 3. e4 b4 4. c4 d6 5. f4 g6 6. Nf3 Bg7 7. Bd3 Bg4 8. O-O
Nf6 9. a3 bxa3 10. Nxa3 O-O 11. Nc2 Na6 12. Bd2 Nc7 13. Bc3 e6 14. e5 Nh5
15. exd6 Qxd6 16. Be5 Bxe5 17. fxe5 Bxf3 18. exd6 Bxd1 19. dxc7 Bxc2 20.
Bxc2 f5 21. d6 Nf6 22. Ba4 Rf7 23. Bc6 Rc8 24. Rxa7 Nd7 25. Re1 e5 26. Bd5
Kf8 27. Bxf7 Kxf7 28. Rea1 Ke6 29. R1a6 e4 30. Kf2 f4 31. Rb7 g5 32. Rc6 g4
33. b4 e3+ 34. Ke2 cxb4 35. c5 Ne5 36. Ra6 b3 37. Rb8 b2 38. Rab6 f3+ 39.
gxf3 gxf3+ 40. Kxe3 Nc4+ 41. Kxf3 Nxb6 42. Rxb6 Kd5 43. Rxb2 Kxc5 44. Rb8
Kxd6 45. Rxc8 Kd7 46. Rh8 Kxc7 47. Rxh7+ Kd6 48. Rf7 Ke6 49. Rf4 Ke5 50. Kg4
Ke6 51. h4 Ke7 52. h5 Ke6 53. h6 Ke5 54. h7 Ke6 55. h8=Q Kd5 56. Qe8 Kc5 57.
Re4 Kd6 58. Qe7+ Kd5 59. Qe6+ Kc5 60. Rc4+ Kb5 61. Qc6+ Ka5 62. Ra4#
{Black checkmated}
1-0

[Event "ICC Open 2015"]
[Site "Internet Chess Club"]
[Date "2015.05.29"]
[Round "6"]
[White "OptimusMagister"]
[Black "jonesey"]
[Result "1-0"]
[ICCResult "Black resigns"]
[WhiteElo "2255"]
[BlackElo "1888"]
[Opening "Dunst (Sleipner, Heinrichsen) opening"]
[ECO "A00"]
[NIC "VO.15"]
[Time "15:01:06"]
[TimeControl "180+0"]

1. Nc3 d5 2. e4 d4 3. Nce2 e5 4. Ng3 Be6 5. Nf3 f6 6. c3 c5 7. Qa4+ Nc6 8.
Bc4 Kf7 9. Qb3 Qd7 10. Bxe6+ Qxe6 11. Qxb7+ {Black resigns} 1-0

[Event "ICC Open 2015"]
[Site "Internet Chess Club"]
[Date "2015.05.29"]
[Round "6"]
[White "chessrex"]
[Black "ZeCarioca"]
[Result "1-0"]
[ICCResult "Black resigns"]
[WhiteElo "2068"]
[BlackElo "1644"]
[Opening "Blackmar-Diemer gambit"]
[ECO "A45"]
[NIC "QP.07"]
[Time "15:02:02"]
[TimeControl "180+0"]

1. d4 Nf6 2. f3 d5 3. e4 dxe4 4. Nc3 exf3 5. Nxf3 c6 6. Bc4 Bf5 7. O-O e6 8.
Ng5 h6 9. Nxf7 Kxf7 10. Rxf5 Qxd4+ {Black resigns} 1-0

[Event "ICC Open 2015"]
[Site "Internet Chess Club"]
[Date "2015.05.29"]
[Round "6"]
[White "lemanofzorn"]
[Black "Huemul"]
[Result "1-0"]
[ICCResult "Black resigns"]
[WhiteElo "1506"]
[BlackElo "1327"]
[Opening "Queen's pawn"]
[ECO "A40"]
[NIC "QO.17"]
[Time "15:00:56"]
[TimeControl "180+0"]

1. d4 e6 2. c4 c6 3. Nc3 Be7 4. Nf3 Bf6 5. Bf4 d6 6. e3 Ne7 7. Bd3 Ng6 8.
Bg3 Nd7 9. Bxd6 Nb6 10. c5 Nd5 11. Nxd5 cxd5 12. Bb5+ Bd7 13. Qa4 Bxb5 14.
Qxb5+ Qd7 15. Qd3 Rc8 16. b4 Be7 17. Bg3 O-O 18. O-O Qa4 19. Rfb1 b6 20. Qb3
Qb5 21. a4 Qc6 22. b5 Qb7 23. c6 Qc7 24. Bxc7 {Black resigns} 1-0

[Event "ICC Open 2015"]
[Site "Internet Chess Club"]
[Date "2015.05.29"]
[Round "6"]
[White "BoardLord"]
[Black "RobbieWilliams"]
[Result "1-0"]
[ICCResult "Black resigns"]
[WhiteElo "2175"]
[BlackElo "1724"]
[Opening "Alekhine's defense"]
[ECO "B03"]
[NIC "AL.09"]
[Time "15:02:21"]
[TimeControl "180+0"]

1. e4 Nf6 2. e5 Nd5 3. d4 e6 4. c4 Nb6 5. Nc3 d6 6. f4 dxe5 7. fxe5 Nc6 8.
Nf3 Bb4 9. Be3 Bd7 10. Bd3 Qe7 11. O-O h6 12. Ne4 O-O-O 13. a3 Ba5 14. b4
Bxb4 15. axb4 Nxb4 16. Rxa7 Nxd3 17. Qxd3 Bc6 18. Nc5 f5 19. Rfa1 Qxc5 20.
Ra8+ Kd7 21. dxc5+ {Black resigns} 1-0

[Event "ICC Open 2015"]
[Site "Internet Chess Club"]
[Date "2015.05.29"]
[Round "6"]
[White "eltigrecu"]
[Black "kava"]
[Result "0-1"]
[ICCResult "White resigns"]
[WhiteElo "2096"]
[BlackElo "2903"]
[Opening "Trompowsky attack (Ruth, Opocenský opening)"]
[ECO "A45"]
[NIC "QP.07"]
[Time "15:01:32"]
[TimeControl "180+0"]

1. d4 Nf6 2. Bg5 e6 3. e4 h6 4. Bxf6 Qxf6 5. Nc3 Bb4 6. Nf3 d6 7. Bd3 Nc6 8.
O-O Bd7 9. d5 Ne5 10. Nxe5 Qxe5 11. Nb5 Ba5 12. c3 Bb6 13. dxe6 Bxb5 14.
exf7+ Ke7 15. Bxb5 Qxb5 16. Qf3 Raf8 17. e5 dxe5 18. Qxb7 Bxf2+ 19. Rxf2
Qxb7 {White resigns} 0-1

[Event "ICC Open 2015"]
[Site "Internet Chess Club"]
[Date "2015.05.29"]
[Round "6"]
[White "nmd"]
[Black "MasterZachary"]
[Result "0-1"]
[ICCResult "White resigns"]
[WhiteElo "1730"]
[BlackElo "2195"]
[Opening "Queen's pawn game"]
[ECO "D02"]
[NIC "QP.08"]
[Time "15:01:00"]
[TimeControl "180+0"]

1. d4 d5 2. Nf3 Bf5 3. c4 e6 4. e3 c6 5. Nbd2 Nd7 6. Nh4 Qxh4 7. g3 Qd8 8.
Bg2 Ngf6 9. O-O Bd6 10. c5 Bc7 11. b4 e5 12. dxe5 Bxe5 {White resigns} 0-1

[Event "ICC Open 2015"]
[Site "Internet Chess Club"]
[Date "2015.05.29"]
[Round "6"]
[White "Woss"]
[Black "khekhm"]
[Result "0-1"]
[ICCResult "White resigns"]
[WhiteElo "2176"]
[BlackElo "2629"]
[Opening "Sicilian: Nimzovich-Rubinstein variation"]
[ECO "B29"]
[NIC "SI.43"]
[Time "15:02:48"]
[TimeControl "180+0"]

1. e4 c5 2. Nf3 Nf6 3. Nc3 Nc6 4. d4 d5 5. e5 cxd4 6. exf6 dxc3 7. fxe7
Qxe7+ 8. Be2 cxb2 9. Bxb2 Qb4+ 10. Kf1 Qxb2 11. Qxd5 {White resigns} 0-1

[Event "ICC Open 2015"]
[Site "Internet Chess Club"]
[Date "2015.05.29"]
[Round "6"]
[White "chesswooog"]
[Black "atilycsy"]
[Result "1-0"]
[ICCResult "Black checkmated"]
[WhiteElo "2111"]
[BlackElo "1641"]
[Opening "KGD: Falkbeer counter-gambit"]
[ECO "C31"]
[NIC "KG.04"]
[Time "15:01:28"]
[TimeControl "180+0"]

1. e4 e5 2. f4 d5 3. exd5 Qxd5 4. Nc3 Qe6 5. fxe5 Qxe5+ 6. Be2 Bc5 7. Nf3
Qd6 8. d4 Bb6 9. O-O c5 10. Be3 Bg4 11. Ne4 Qc6 12. Bb5 Bxf3 13. Bxc6+ Nxc6
14. Qxf3 cxd4 15. Qxf7+ Kd8 16. Bg5+ Nge7 17. Kh1 Ne5 18. Qxe7+ Kc8 19. Nd6+
Kb8 20. Qxb7# {Black checkmated} 1-0

[Event "ICC Open 2015"]
[Site "Internet Chess Club"]
[Date "2015.05.29"]
[Round "6"]
[White "Ohanessian"]
[Black "CapilanoBridge"]
[Result "0-1"]
[ICCResult "White resigns"]
[WhiteElo "2070"]
[BlackElo "3179"]
[Opening "King's pawn opening"]
[ECO "B00"]
[NIC "VO.17"]
[Time "15:01:09"]
[TimeControl "180+0"]

1. e4 b5 2. Bxb5 Bb7 3. d3 e6 4. Nf3 Nf6 5. O-O Be7 6. Nc3 O-O 7. Be3 d5 8.
e5 Ng4 9. d4 Nxe3 10. fxe3 c5 11. Bd3 c4 12. Be2 f5 13. Qe1 Nc6 14. Nd1 Nb4
15. Qd2 Kh8 16. c3 Nc6 17. Nf2 g5 18. h3 Rf7 19. Nh2 Qg8 20. Bh5 Rff8 21.
Nh1 Qg7 22. Qe2 a5 23. g4 a4 24. Ng3 f4 25. exf4 gxf4 26. Nh1 a3 27. Nf3
axb2 28. Qxb2 Bc8 29. Qb6 Bd7 30. Qc7 Ra7 31. Qb6 Rb8 32. Qxa7 Nxa7 33. Rfb1
Qf8 34. Nf2 Nb5 35. Nd1 Na3 36. Rb7 Rxb7 {White resigns} 0-1

[Event "ICC Open 2015"]
[Site "Internet Chess Club"]
[Date "2015.05.29"]
[Round "6"]
[White "BlitzPawn94"]
[Black "Chaos23"]
[Result "1-0"]
[ICCResult "Black resigns"]
[WhiteElo "2622"]
[BlackElo "2054"]
[Opening "Nimzovich-Larsen attack: modern variation"]
[ECO "A01"]
[NIC "VO.08"]
[Time "15:01:39"]
[TimeControl "180+0"]

1. b3 e5 2. Bb2 Nc6 3. e3 Nf6 4. Bb5 Bd6 5. Na3 a6 6. Be2 Qe7 7. Nc4 Bc5 8.
d4 exd4 9. exd4 Ba7 10. Nf3 d5 11. Ne3 O-O 12. O-O Ng4 13. Nxd5 Qd6 14. Ne3
Bxd4 15. Bxd4 Nxd4 16. Qxd4 Qg6 17. Nxg4 Bxg4 18. Ne5 {Black resigns} 1-0

[Event "ICC Open 2015"]
[Site "Internet Chess Club"]
[Date "2015.05.29"]
[Round "6"]
[White "ErnestoRondon"]
[Black "klodshans"]
[Result "1-0"]
[ICCResult "Black checkmated"]
[WhiteElo "1854"]
[BlackElo "1551"]
[Opening "French: advance variation"]
[ECO "C02"]
[NIC "FR.03"]
[Time "15:00:56"]
[TimeControl "180+0"]

1. e4 e6 2. d4 d5 3. e5 c5 4. c3 Ne7 5. Ne2 Nd7 6. g3 Nc6 7. Be3 Qb6 8. Qd2
Be7 9. Bh3 O-O 10. O-O Nd8 11. a3 f6 12. f4 fxe5 13. fxe5 Nf7 14. b4 c4 15.
Nf4 Ng5 16. Bg2 a5 17. Nxd5 Rxf1+ 18. Kxf1 exd5 19. Bxg5 Bxg5 20. Qxg5 axb4
21. Bxd5+ Kf8 22. Qf4+ Ke7 23. Qf7+ Kd8 24. Nd2 bxc3 25. Nxc4 Qxd4 26. Re1
Nxe5 27. Nxe5 Bh3+ 28. Bg2 Bxg2+ 29. Kxg2 Qd2+ 30. Kh3 Qxe1 31. Qd7#
{Black checkmated}
1-0

[Event "ICC Open 2015"]
[Site "Internet Chess Club"]
[Date "2015.05.29"]
[Round "6"]
[White "Tacticguy"]
[Black "Yule"]
[Result "0-1"]
[ICCResult "White resigns"]
[WhiteElo "1940"]
[BlackElo "2625"]
[Opening "QGD Slav: 4.e3 Bf5"]
[ECO "D12"]
[NIC "SL.01"]
[Time "15:02:00"]
[TimeControl "180+0"]

1. d4 d5 2. c4 c6 3. Nf3 Nf6 4. e3 Bf5 5. Be2 a6 6. O-O b5 7. b3 e6 8. Nc3
Nbd7 9. Bb2 Bd6 10. Re1 O-O 11. Bf1 h6 12. c5 Bc7 13. Nd2 e5 14. f3 Re8 15.
e4 exd4 16. exf5 dxc3 17. Bxc3 Rxe1 18. Qxe1 Nxc5 19. Qh4 Bb6 20. Kh1 Ncd7
21. Re1 c5 22. g4 d4 23. Bb2 Nd5 24. Qg3 Bc7 25. Qg1 Qh4 26. Bd3 Bxh2
{White resigns}
0-1

[Event "ICC Open 2015"]
[Site "Internet Chess Club"]
[Date "2015.05.29"]
[Round "6"]
[White "MSopko"]
[Black "motipen"]
[Result "0-1"]
[ICCResult "White resigns"]
[WhiteElo "1197"]
[BlackElo "1930"]
[Opening "QGA: classical, 6...a6"]
[ECO "D27"]
[NIC "QG.07"]
[Time "15:02:47"]
[TimeControl "180+0"]

1. d4 d5 2. c4 dxc4 3. e3 Nf6 4. Bxc4 e6 5. Nf3 a6 6. O-O c5 7. Nc3 b5 8.
Bd3 Bb7 9. Qc2 Nc6 10. a3 Rc8 11. Bd2 cxd4 12. Nxd4 Nxd4 13. exd4 Qxd4 14.
Be3 Qg4 15. g3 Qf3 16. Ne4 Rxc2 {White resigns} 0-1

[Event "ICC Open 2015"]
[Site "Internet Chess Club"]
[Date "2015.05.29"]
[Round "6"]
[White "stardust"]
[Black "Pigs"]
[Result "0-1"]
[ICCResult "White resigns"]
[WhiteElo "953"]
[BlackElo "1899"]
[Opening "Scandinavian (center counter) defense"]
[ECO "B01"]
[NIC "VO.17"]
[Time "15:03:05"]
[TimeControl "180+0"]

1. e4 d5 2. exd5 Qxd5 3. d4 Nf6 4. Nf3 Bg4 5. Be2 Nc6 6. c3 O-O-O 7. Nbd2 h5
8. O-O e5 9. dxe5 Nxe5 10. Nb3 Nxf3+ 11. Bxf3 Bxf3 12. Qxd5 Bxd5 13. Nd4 Bc4
{White resigns}
0-1

[Event "ICC Open 2015"]
[Site "Internet Chess Club"]
[Date "2015.05.29"]
[Round "6"]
[White "TudoracheM"]
[Black "olivermx"]
[Result "1-0"]
[ICCResult "Black resigns"]
[WhiteElo "1860"]
[BlackElo "804"]
[Opening "Ruy Lopez: old Steinitz defense"]
[ECO "C62"]
[NIC "RL.02"]
[Time "15:02:01"]
[TimeControl "180+0"]

1. e4 e5 2. Nf3 Nc6 3. Bb5 d6 4. d3 Nf6 5. h3 Be7 6. O-O O-O 7. Re1 a6 8.
Ba4 b5 9. Bb3 Na5 10. c3 Nxb3 11. Qxb3 Be6 12. Qc2 d5 13. Nxe5 dxe4 14. dxe4
Bd6 15. Nf3 c5 16. e5 Bxe5 17. Nxe5 Qc7 18. Bf4 {Black resigns} 1-0

[Event "ICC Open 2015"]
[Site "Internet Chess Club"]
[Date "2015.05.29"]
[Round "6"]
[White "Birdy69"]
[Black "BigSerge"]
[Result "0-1"]
[ICCResult "White resigns"]
[WhiteElo "1735"]
[BlackElo "1986"]
[Opening "Vienna game"]
[ECO "C28"]
[NIC "IG.04"]
[Time "15:02:05"]
[TimeControl "180+0"]

1. e4 e5 2. Bc4 Nc6 3. Nc3 Nf6 4. d3 Bc5 5. h3 h6 6. f4 d6 7. f5 Bb4 8. Qf3
Nd4 9. Qf2 d5 10. exd5 Nxd5 11. Bxd5 Qxd5 12. f6 g6 13. Ne2 Nxc2+ 14. Kf1
Qxd3 15. Rb1 Bxc3 16. bxc3 Qd1+ {White resigns} 0-1

[Event "ICC Open 2015"]
[Site "Internet Chess Club"]
[Date "2015.05.29"]
[Round "6"]
[White "Bobbymilk"]
[Black "kingest1912"]
[Result "0-1"]
[ICCResult "White resigns"]
[WhiteElo "979"]
[BlackElo "1886"]
[Opening "Sicilian"]
[ECO "B50"]
[NIC "SI.01"]
[Time "15:01:18"]
[TimeControl "180+0"]

1. e4 c5 2. Nf3 d6 3. Bc4 Nf6 4. c3 e6 5. d4 cxd4 6. e5 dxe5 7. Nxe5 Qc7 8.
Qa4+ Bd7 9. Nxd7 Nbxd7 10. cxd4 Bd6 11. Bb5 Qxc1+ 12. Ke2 Qxh1 13. Bxd7+
Nxd7 14. f3 Qxg2+ 15. Ke3 Qxb2 16. Qb3 {White resigns} 0-1

[Event "ICC Open 2015"]
[Site "Internet Chess Club"]
[Date "2015.05.29"]
[Round "6"]
[White "ALexiz"]
[Black "gonesailing"]
[Result "0-1"]
[ICCResult "White resigns"]
[WhiteElo "1769"]
[BlackElo "1482"]
[Opening "Benkö gambit"]
[ECO "A57"]
[NIC "BI.46"]
[Time "15:01:26"]
[TimeControl "180+0"]

1. d4 Nf6 2. c4 c5 3. d5 b5 4. cxb5 g6 5. Nc3 Bg7 6. e4 d6 7. f4 a6 8. a4
axb5 9. Bxb5+ Bd7 10. Bd2 O-O 11. Nf3 Na6 12. O-O Nb4 13. Re1 Bxb5 14. Nxb5
Qb6 15. Bc3 Rfb8 16. Kh1 Nh5 17. Qd2 Bf8 18. g4 Ng7 19. g5 Nh5 20. Kg2 Na6
21. h4 c4 22. Nfd4 Nc5 23. Nc6 Nb3 24. Qe2 Nxa1 25. Nxb8 Rxb8 26. Rxa1 Nxf4+
{White resigns}
0-1